 Dungeon Crawl Stone Soup version 0.26-a0-1040-gbe3abf3417 (webtiles) character file.

Game seed: 4632678105852261438

7259 sahdkjhfkaj the Slinger (level 11, -6/77 HPs)
             Began as a Halfling Hunter on Dec 12, 2020.
             Was an Elder of Okawaru.
             Killed from afar by a gargoyle (18 damage)
             ... with a stone arrow
             ... on level 10 of the Dungeon.
             The game lasted 00:21:54 (16751 turns).

sahdkjhfkaj the Slinger (Halfling Hunter)          Turns: 16751, Time: 00:21:55

Health: -6/77      AC: 15    Str: 16    XL:     11   Next: 33%
Magic:  14/14      EV: 13    Int:  9    God:    Okawaru [****..]
Gold:   624        SH:  5    Dex: 16    Spells: 10/10 levels left

rFire    . . .     SeeInvis .   a - +1 hunting sling {@w2}
rCold    . . .     Faith    .   (shield restricted)
rNeg     . . .     Spirit   .   c - +0 chain mail
rPois    .         Reflect  +   q - +2 hat {Will+}
rElec    .         Harm     .   (no cloak)
rCorr    .         Rampage  .   z - +2 pair of gloves
Will     +....                  (no boots)
Stlth    ..........             l - amulet of reflection
HPRegen  0.22/turn              (no ring)
MPRegen  0.14/turn              (no ring)

@: no status effects
A: small, mutation resistance 1
a: Heroism, Renounce Religion


You were on level 10 of the Dungeon.
You worshipped Okawaru.
Okawaru was greatly pleased with you.
You visited 2 branches of the dungeon, and saw 11 of its levels.

You collected 624 gold pieces.

Inventory:

Hand Weapons
 a - a +1 hunting sling (weapon) {@w2}
 b - a +2 short sword
Missiles
 d - 115 sling bullets (quivered ammo)
 i - 191 stones
Armour
 c - a +0 chain mail (worn)
 q - a +2 hat of willpower (worn)
 z - a +2 pair of gloves (worn)
Jewellery
 f - an uncursed ring of fire
 l - an amulet of reflection (around neck)
Wands
 t - a wand of iceblast (2) {@v4}
 y - a wand of acid (8) {@v2}
Scrolls
 e - 3 scrolls of magic mapping
 k - 2 scrolls of immolation
 s - a scroll of enchant weapon
 v - 3 scrolls of amnesia
Potions
 g - a potion of magic
 h - a potion of haste {@q3}
 j - a potion of mutation {unknown}
 m - a potion of brilliance {unknown}
 n - a potion of curing {@q1}
 o - a potion of lignification
 p - a potion of cancellation {unknown}
 r - 2 potions of flight
 u - a potion of might {unknown}
 w - a potion of degeneration {unknown}
 x - a potion of berserk rage


   Skills:
 * Level 7.9 Fighting
 - Level 2.0 Short Blades
 - Level 14.0 Slings
 + Level 6.3 Armour
 + Level 6.8 Dodging
 - Level 1.1 Stealth
 - Level 5.0 Invocations
 - Level 5.0 Evocations


You had 10 spell levels left.
You didn't know any spells.
Your spell library contained the following spells:

 Spells                   Type           Power        Failure   Level
 Shock                    Conj/Air       #...         99%         1
 Swiftness                Air            #.......     100%        2
 Confusing Touch          Hex            #.......     100%        3
 Gell's Gravitas          Tloc           #.........   100%        3
 Static Discharge         Conj/Air       #.......     100%        3
 Airstrike                Air            #.........   100%        4
 Petrify                  Tmut/Erth      #.......     100%        4
 Lightning Bolt           Conj/Air       #.........   100%        5
 Metabolic Englaciation   Hex/Ice        #.........   100%        5
 Yara's Violent Unravell  Hex/Tmut       #.........   100%        5


Dungeon Overview and Level Annotations

Branches:
Dungeon (10/15)            Temple (1/1) D:5            Lair (0/6) D:9
    Orc: D:9-12

Altars:
Ashenzari
Cheibriados
Dithmenos
Elyvilon
Fedhas
Gozag
Hepliaklqana
Kikubaaqudgha
Makhleb
Nemelex Xobeh
Okawaru
Qazlal
Ru
Sif Muna
Trog
Uskayaw
Vehumet
Wu Jian
Xom
Yredelemnul
Zin
The Shining One

Shops:
D:4 *

Annotations:
D:5 need digging, PastaSoupJuice's ghost, novice DsNe
D:8 again, need digging


Innate Abilities, Weirdness & Mutations

You are small and have problems with some larger weapons.
You are somewhat resistant to further mutation.


Message History

Aim: a gargoyle, wielding a +0 morningstar (almost destroyed)
You shoot a sling bullet.
The sling bullet hits the gargoyle but does no damage.
The gargoyle is almost destroyed.
The gargoyle hits you with a +0 morningstar.
* * * LOW HITPOINT WARNING * * *
Fire: 117 sling bullets
Press: ? - help, Q - select action, (/) - cycle Shift-Dir - straight line, f/p - gargoyle
Aim: a gargoyle, wielding a +0 morningstar (almost destroyed)
You shoot a sling bullet.
The sling bullet barely misses the gargoyle.
Fire: 116 sling bullets
Press: ? - help, Q - select action, (/) - cycle Shift-Dir - straight line, f/p - gargoyle
Aim: a gargoyle, wielding a +0 morningstar (almost destroyed)
You shoot a sling bullet.
The sling bullet hits the gargoyle but does no damage.
The gargoyle is almost destroyed.
The gargoyle hurls a stone arrow at you.
The stone arrow hits you!!
You die...

####+###
#......#
+.....@#
#.....9+
#....(.#
#......#
#.....(#
####+###


You could see a gargoyle.

Vanquished Creatures
  2 two-headed ogres
  Erica (D:8)
  A troll (D:8)
  3 polar bears
  Prince Ribbit (D:8)
  2 yaks
  A wyvern (D:8)
  A basilisk (D:9)
  An orc warrior (D:8)
  A water moccasin (D:9)
  A black bear (D:9)
  A sky beast (D:7)
  2 ogres
  5 ice beasts
  A phantom (D:6)
  2 wolves
  2 centaurs (D:6)
  A big kobold (D:9)
  A gnoll sergeant (D:6)
  3 bullfrogs
  3 scorpions
  11 wights
  A centaur zombie (D:8)
  3 centaur skeletons
  3 hounds
  6 jellies
  4 orc wizards
  5 orc priests
  2 bullfrog skeletons
  An iguana (D:8)
  4 worker ants
  Natasha (thrice) (D:2)
  3 bullfrog simulacra (D:9)
  A hound zombie (D:7)
  2 hound skeletons (D:7)
  14 gnolls
  7 adders
  2 shadow imps
  4 white imps
  An ufetubus (D:9)
  An ooze (D:3)
  A worm (D:1)
  3 dart slugs (D:1)
  2 leopard geckos
  28 orcs
  A ball python (D:4)
  7 giant cockroaches
  11 goblins
  8 hobgoblins
  4 jackals (D:2)
  20 kobolds
  2 quokkas (D:4)
  7 bats
  2 frilled lizards (D:3)
  A quokka skeleton (D:7)
  6 rats
217 creatures vanquished.

Vanquished Creatures (others)
  A jelly (D:9)
  3 fungi (D:9)
  A plant (D:9)
5 creatures vanquished.

Grand Total: 222 creatures vanquished

Notes
Turn   | Place    | Note
-------+----------+-------------------------------------------
     0 | D:1      | sahdkjhfkaj the Halfling Hunter began the quest for the
                  | Orb.
     0 | D:1      | Reached XP level 1. HP: 14/14 MP: 1/1
   159 | D:1      | Reached skill level 1 in Short Blades
   288 | D:1      | Reached XP level 2. HP: 19/19 MP: 2/2
   314 | D:1      | Reached skill level 6 in Slings
   760 | D:1      | Reached XP level 3. HP: 20/24 MP: 3/3
  1059 | D:2      | Noticed Natasha
  1070 | D:2      | Killed Natasha
  1071 | D:2      | Reached skill level 7 in Slings
  1071 | D:2      | Reached XP level 4. HP: 27/29 MP: 4/4
  1073 | D:2      | Noticed Natasha
  1079 | D:2      | Killed Natasha
  1240 | D:2      | Reached skill level 8 in Slings
  1372 | D:2      | Found an ornate altar of the Wu Jian Council.
  2008 | D:2      | Reached XP level 5. HP: 18/34 MP: 5/5
  2101 | D:2      | Noticed Natasha
  2118 | D:2      | Killed Natasha
  3332 | D:3      | Reached skill level 9 in Slings
  3357 | D:3      | Reached XP level 6. HP: 22/39 MP: 6/6
  4195 | D:3      | Reached skill level 10 in Slings
  4968 | D:4      | Reached XP level 7. HP: 44/44 MP: 7/7
  5305 | D:3      | Reached skill level 11 in Slings
  5515 | D:4      | Found a bloodstained altar of Trog.
  5784 | D:4      | Found Siokejo Zeu's General Store.
  5859 | D:5      | Entered Level 5 of the Dungeon
  5859 | D:5      | Found a staircase to the Ecumenical Temple.
  5878 | Temple   | Entered the Ecumenical Temple
  6077 | Temple   | Became a worshipper of Warmaster Okawaru
  7091 | D:5      | Reached skill level 12 in Slings
  7270 | D:5      | Found a large runed translucent door.
  7357 | D:5      | Found a large runed translucent door.
  8216 | D:5      | Noticed PastaSoupJuice's ghost (novice DsNe)
  8234 | D:6      | Found a blossoming altar of Fedhas.
  8242 | D:6      | Reached XP level 8. HP: 20/49 MP: 8/8
  8429 | D:6      | Found a burning altar of Makhleb.
  8964 | D:6      | Reached skill level 13 in Slings
  9196 | D:6      | Reached * piety under Okawaru
  9301 | D:6      | Reached skill level 14 in Slings
  9627 | D:6      | Reached skill level 1 in Armour
  9762 | D:6      | Reached XP level 9. HP: 51/55 MP: 9/9
 10233 | D:6      | Found a snail-covered altar of Cheibriados.
 11492 | D:7      | Reached ** piety under Okawaru
 12135 | D:8      | Reached skill level 5 in Fighting
 12137 | D:8      | Noticed Prince Ribbit
 12153 | D:8      | Killed Prince Ribbit
 12237 | D:8      | Found a white marble altar of Elyvilon.
 12351 | D:8      | Found a hide-covered altar of Uskayaw.
 12359 | D:8      | Noticed Erica
 12514 | D:8      | Reached skill level 1 in Invocations
 12659 | D:8      | Reached skill level 1 in Evocations
 12681 | D:8      | Noticed a two-headed ogre
 12950 | D:7      | Killed a two-headed ogre
 12951 | D:7      | Reached XP level 10. HP: 5/66 MP: 10/13
 13663 | D:8      | Killed Erica
 13663 | D:8      | Reached *** piety under Okawaru
 13664 | D:8      | Reached skill level 5 in Invocations
 13664 | D:8      | Reached skill level 5 in Evocations
 13664 | D:8      | Reached skill level 5 in Dodging
 14197 | D:8      | Received a gift from Okawaru
 14625 | D:9      | Reached skill level 5 in Armour
 15030 | D:9      | Received a gift from Okawaru
 15030 | D:9      | Reached **** piety under Okawaru
 15031 | D:9      | Reached XP level 11. HP: 54/74 MP: 14/14
 15414 | D:9      | Found a staircase to the Lair.
 15903 | D:9      | Noticed a two-headed ogre
 15916 | D:9      | Killed a two-headed ogre
 16480 | D:9      | Found an ancient bone altar of Kikubaaqudgha.
 16642 | D:9      | Received a gift from Okawaru
 16727 | D:10     | Entered Level 10 of the Dungeon
 16751 | D:10     | Killed from afar by a gargoyle

Illustrated notes

Levels and vault maps discovered:
D:1:      sevenhm_arrival_forest_fort_small_5, layout_loops_ring
D:2:      layout_rooms, lemuel_doored_altar, minmay_tiny_reverse_x, uniq_natasha
D:3:      layout_basic
D:4:      layout_layer_cave, serial_shops, shop, trog_hazing_becter
D:5:      layout_cave_pools, minmay_temple_entry_butterflies, serial_glass,
          glass_columns_a, glass_columns_b, minmay_strange_pillars,
          item_on_display_a, minmay_strange_pillars, due_unseen_surprise,
          ebering_ghost_disaster_area
D:6:      layout_basic, makhleb_heckhound_becter,
          nicolae_overflow_crystal_walls, fedhas_bush_and_centaur_altar
D:7:      layout_basic, minmay_misc_feat_more_columns, grunt_ministairs_11
D:8:      layout_rooms, lemuel_crystal_altar, eat_drink_and_be_merry_uskayaw,
          nicolae_straight_to_the_point, uniq_erica, uniq_prince_ribbit1
D:9:      layout_irregular_city, lemuel_crystal_altar, david_lair_generic,
          serial_ice, serial_ice_k, serial_ice_c, serial_ice_b, serial_ice_h
D:10:     layout_roguey [special_room_orc], serial_shops, kennysheep_mini
Temple:   eino_temple_rhombus

Skill      XL: |  1  2  3  4  5  6  7  8  9 10 11 |
---------------+----------------------------------+-----
Short Blades   | 1 2 |  2.0
Slings         | 6 7 8 9 10 12 14 | 14.0
Fighting       | 2 5 6 7 |  7.9
Armour         | 1 4 5 6 |  6.3
Dodging        | 3 4 5 6 |  6.8
Invocations    | 4 5 |  5.0
Evocations     | 3 5 |  5.0
Stealth        | |  1.1

Action                   |  1- 3 |  4- 6 |  7- 9 | 10-12 || total
-------------------------+-------+-------+-------+-------++-------
Melee: Short sword       |    61 |   343 |   406 |       ||   810
 Fire: Hunting sling     |     8 |    63 |   427 |   480 ||   978
Evoke: Wand              |       |       |     3 |     4 ||     7
  Use: Potion            |       |     1 |     4 |     1 ||     6
       Scroll            |       |     1 |    13 |     2 ||    16
 Stab: Sleeping          |       |     1 |       |       ||     1
Armor: Leather armour    |    10 |    41 |       |       ||    51
       Ring mail         |       |    54 |       |       ||    54
       Chain mail        |       |    44 |   293 |   100 ||   437
Dodge: Dodged            |    31 |   365 |   296 |   137 ||   829
Block: Other             |       |       |    14 |    71 ||    85
       Reflection        |       |       |     2 |     6 ||     8

Table legend: (Time is in decaauts)
 A = Elapsed time spent in this place.
 B = Non-inter-level travel time spent in this place.
 C = Inter-level travel time spent in this place.
 D = Time resting spent in this place.
 E = Time spent auto-exploring this place.
 F = Levels seen in this place.
 G = Mean time per level.
                   A        B        C        D        E       F      G
               +--------+--------+--------+--------+--------+-----+--------+
         Total |  16397 |  15933 |    464 |   1968 |  11429 |  11 | 1490.6 |
       Dungeon |  16181 |  15762 |    419 |   1968 |  11261 |  10 | 1618.1 |
        Temple |    215 |    170 |     45 |      0 |    168 |   1 |  215.0 |
               +--------+--------+--------+--------+--------+-----+--------+

Top non-repeatable levels by time:
     D:6: 2272 daAuts
     D:7: 2158 daAuts
     D:3: 1889 daAuts
     D:9: 1888 daAuts
     D:2: 1822 daAuts
     D:8: 1654 daAuts
     D:5: 1530 daAuts
     D:1: 1502 daAuts
     D:4: 1448 daAuts
  Temple: 215 daAuts
    D:10: 14 daAuts
